 Dungeon Crawl Stone Soup version 0.30.1-4-g462c640d31 (webtiles) character file.

Game seed: 16739813345145705914

8006 Wiggles the Cleaver (level 11, -18/145 HPs)
             Began as a Minotaur Berserker on Aug 21, 2023.
             Was an Elder of Trog.
             Killed from afar by a gargoyle (21 damage)
             ... with a stone arrow
             ... on level 11 of the Dungeon.
             The game lasted 00:14:11 (8864 turns).

Wiggles the Cleaver (Minotaur Berserker)            Turns: 8864, Time: 00:14:12

Health: -18/145    AC: 16    Str: 26    XL:     11   Next: 4%
Magic:  10/10      EV: 15    Int:  4    God:    Trog [****..]
Gold:   610        SH:  0    Dex: 10    Spells: 10/10 levels left

rFire   + . .        g - +4 executioner's axe (freeze)
rCold   . . .        (shield currently unavailable)
rNeg    + . .        j - +1 chain mail {rF+}
rPois   .            (helmet restricted)
rElec   .            (no cloak)
rCorr   .            u - +1 pair of gloves
SInv    .            v - +0 pair of boots
Will    .....        (no amulet) Stlth
                     d - +5 ring of evasion
HPRegen 0.44/turn    t - ring of positive energy
MPRegen 0.12/turn

%: no passive effects
@: berserking, very quick
A: horns 2, retaliatory headbutt
a: Renounce Religion, Berserk, Trog's Hand, Brothers in Arms


You were on level 11 of the Dungeon.
You worshipped Trog.
Trog was greatly pleased with you.
You visited 1 branch of the dungeon, and saw 11 of its levels.
You also visited: Sewer.

You collected 665 gold pieces.
You spent 55 gold pieces at shops.

Inventory:

Hand Weapons
 g - a +4 executioner's axe of freezing (weapon)
Armour
 j - a +1 chain mail of fire resistance (worn)
 u - a +1 pair of gloves (worn)
 v - a +0 pair of boots (worn)
 C - a +0 plate armour
Jewellery
 a - a +6 ring of dexterity
 d - a +5 ring of evasion (left hand)
 t - a ring of positive energy (right hand)
Wands
 l - a wand of digging (10)
 y - a wand of quicksilver (1)
 A - a wand of mindburst (5)
Scrolls
 b - 4 scrolls of teleportation
 c - 3 scrolls of identify
 e - a scroll of poison
 h - 2 scrolls of amnesia
 i - a scroll of fear
 m - 3 scrolls of magic mapping
 q - a scroll of fog
 r - a scroll of summoning
Potions
 f - 2 potions of flight
 k - 5 potions of curing
 n - 2 potions of berserk rage
 o - 2 potions of ambrosia
 p - 3 potions of heal wounds
 s - a potion of haste
 w - a potion of resistance
 x - 2 potions of lignification
 z - a potion of might
 B - a potion of mutation


   Skills:
 + Level 9.1 Fighting
 + Level 14.6 Axes
 + Level 10.6 Armour
 + Level 5.1 Dodging
 + Level 1.6 Stealth


You had 10 spell levels left.
You didn't know any spells.
Your spell library was empty.

Dungeon Overview and Level Annotations

Branches:
Dungeon (11/15)            Temple (0/1) D:5             Orc (0/2) D:11
  Sewer (visited)
   Lair: D:8-11

Altars:
Ashenzari
Gozag
Kikubaaqudgha
Nemelex Xobeh
Okawaru
Qazlal
Sif Muna
Vehumet
Xom
Yredelemnul
The Shining One

Shops:
D:6 !:=   D:8 =

Annotations:
D:7 3 runed translucent doors, Jingleheimer's ghost, novice OpTm


Innate Abilities, Weirdness & Mutations

You have a pair of horns on your head.
You reflexively headbutt those who attack you in melee.


Message History

You destroy the shadow!
Trog accepts your kill.
The yak snorts and paws the ground.
The gargoyle hurls a stone arrow at you.
The stone arrow hits you!
* * * LOW HITPOINT WARNING * * *
You have reached level 11!
A red film seems to cover your vision as you go berserk!
You feel yourself moving faster!
You feel mighty! Trog will no longer gift you weapons.
The gargoyle hurls a stone arrow at you.
The stone arrow hits you!
* * * LOW HITPOINT WARNING * * *
The gargoyle hits you with a +0 mace!
* * * LOW HITPOINT WARNING * * *
You open the gargoyle like a pillowcase!!!
You freeze the gargoyle.
You destroy the gargoyle!
Trog accepts your kill. The yak barely misses you. You furiously retaliate!
You headbutt the yak!
An orc priest comes into view. It is wielding a +0 mace.
A yaktaur comes into view. It is wielding a +2 vampiric dagger.
A yak comes into view.
The gargoyle hits you with a +0 mace!
* * * LOW HITPOINT WARNING * * *
You see here a +0 mace.
The orc priest shouts!
You slash the gargoyle! You freeze the gargoyle. You headbutt the gargoyle.
The gargoyle is severely damaged.
You slash the yak! You freeze the yak. You slice the yak!! You freeze the yak.
A white ugly thing comes into view.
You barely miss the gargoyle.
The gargoyle is severely damaged.
You hit the yak. You freeze the yak. You slash the yak! You freeze the yak.
You feel the power of Trog in you as your rage grows.
You kill the yak!
Trog accepts your kill.
The gargoyle hurls a stone arrow at you.
The stone arrow hits you!!
You die...

##.#######.......?#
###....#..###))......
#.........##.).....#.
#.##....[..#.))...###
#..................##
#...#.#.............>#
#.. #.#......##)....!.
#..
##.##.......)...... #.
#.@.#.........###.. #.
#.9Y##.##......#... #
#.....#.............
#..#..##............
.c##...#..#......$..
#.. #Y.##.#....#....
... ...# ........#.
#..u o..##.....####.


You could see a white ugly thing, a yaktaur, 2 yaks, a gargoyle and an orc
priest.

Vanquished Creatures
  2 gargoyles
  Sigmund (D:3)
  A shadow (D:11)
  19 yaks
  2 vampires
  A wyvern (D:9)
  2 wraiths
  A human (D:7)
  An acid dragon (D:9)
  3 orc warriors
  An ice beast (D:7)
  3 ogres
  2 centaurs
  2 phantoms
  Blork the orc (D:6)
  4 kobold brigands
  5 bullfrogs
  2 scorpions
  9 wights
  6 killer bees (D:7)
  7 howler monkeys
  2 jellies
  A gnoll bouda (D:8)
  5 orc priests
  A hound (D:5)
  3 sleepcaps
  A human skeleton (D:7)
  An iguana (D:4)
  9 orc wizards
  A hell rat (Sewer)
  4 gnolls (D:8)
  12 adders
  3 river rats (Sewer)
  4 ufetubi
  2 worms
  3 dart slugs
  24 orcs
  9 endoplasms
  5 giant cockroaches
  6 goblins
  4 hobgoblins
  3 jackals (D:3)
  24 kobolds
  5 quokkas
  4 ball pythons
  5 bats
  5 frilled lizards
  A goblin skeleton (D:7)
  12 rats
234 creatures vanquished.

Notes
Turn   | Place    | Note
-------+----------+-------------------------------------------
     0 | D:1      | Wiggles the Minotaur Berserker began the quest for the Orb.
     0 | D:1      | Reached XP level 1. HP: 19/19 MP: 0/0
   120 | D:1      | Reached XP level 2. HP: 27/27 MP: 1/1
   247 | D:1      | Reached skill level 4 in Axes
   863 | D:2      | Reached XP level 3. HP: 33/33 MP: 2/2
   971 | D:2      | Found a faded altar of an unknown god.
  1132 | D:2      | Reached ** piety under Trog
  1690 | D:3      | Found a radiant altar of Vehumet.
  1732 | D:3      | Noticed Sigmund
  1745 | D:3      | Killed Sigmund
  1746 | D:3      | Reached skill level 5 in Fighting
  1746 | D:3      | Reached skill level 6 in Axes
  1746 | D:3      | Reached XP level 4. HP: 42/42 MP: 3/3
  1746 | D:3      | Reached XP level 5. HP: 48/48 MP: 4/4
  1937 | D:3      | Found a stormy altar of Qazlal.
  2057 | D:3      | Reached XP level 6. HP: 56/56 MP: 5/5
  2332 | D:4      | Found a glowing drain.
  2354 | Sewer    | Entered a sewer
  2370 | Sewer    | Reached skill level 7 in Axes
  2612 | D:4      | Reached skill level 5 in Armour
  2612 | D:4      | Reached XP level 7. HP: 61/61 MP: 6/6
  2920 | D:4      | Reached *** piety under Trog
  3170 | D:5      | Entered Level 5 of the Dungeon
  3390 | D:5      | Found a staircase to the Ecumenical Temple.
  3410 | D:5      | Found a glowing golden altar of the Shining One.
  3435 | D:5      | Found a shimmering altar of Xom.
  3673 | D:5      | Noticed a vampire
  3673 | D:5      | Noticed a wraith
  3692 | D:5      | Killed a vampire
  3693 | D:5      | Reached skill level 8 in Axes
  3696 | D:5      | Killed a wraith
  3697 | D:5      | Reached XP level 8. HP: 70/70 MP: 7/7
  3937 | D:6      | Found a shimmering blue altar of Sif Muna.
  3989 | D:6      | Found an opulent altar of Gozag.
  4030 | D:6      | Reached skill level 1 in Stealth
  4147 | D:6      | Found Zyujej's Book Shop.
  4150 | D:6      | Found Uke Faom's Distillery.
  4158 | D:6      | Bought a potion of heal wounds for 55 gold pieces
  4206 | D:6      | Reached skill level 9 in Axes
  4232 | D:6      | HP: 2/71 [ogre/+0 giant club (30)]
  4527 | D:6      | Found Ziush's Jewellery Emporium.
  4548 | D:6      | Noticed Blork the orc
  4556 | D:6      | Killed Blork the orc
  4872 | D:6      | Identified a scroll of acquirement
  4872 | D:6      | Acquired a +2 executioner's axe of freezing
  5041 | D:7      | Reached skill level 10 in Axes
  5044 | D:7      | Reached XP level 9. HP: 59/79 MP: 8/8
  5053 | D:7      | HP: 3/79 [orc warrior/+0 hand axe (6)]
  5095 | D:7      | Reached **** piety under Trog
  5326 | D:7      | Reached skill level 11 in Axes
  5412 | D:7      | Found a runed translucent gate.
  5412 | D:7      | Found a runed translucent gate.
  5412 | D:7      | Found a runed translucent gate.
  5412 | D:7      | Noticed Jingleheimer's ghost (novice OpTm)
  5414 | D:7      | Noticed a kobold demonologist
  5456 | D:7      | Found an iron altar of Okawaru.
  5511 | D:7      | Found a runed translucent door.
  5516 | D:7      | Found a basalt altar of Yredelemnul.
  5922 | D:8      | Found Xiakhluo's Jewellery Emporium.
  6351 | D:8      | Reached skill level 12 in Axes
  6643 | D:8      | Reached XP level 10. HP: 79/88 MP: 9/9
  7352 | D:9      | Reached skill level 5 in Dodging
  7427 | D:9      | Reached skill level 13 in Axes
  7807 | D:10     | Entered Level 10 of the Dungeon
  7872 | D:10     | Reached skill level 10 in Armour
  8006 | D:10     | Noticed a gargoyle
  8012 | D:10     | Killed a gargoyle
  8013 | D:10     | Reached skill level 14 in Axes
  8660 | D:10     | Found a broken altar of Ashenzari.
  8695 | D:10     | Found an ancient bone altar of Kikubaaqudgha.
  8750 | D:10     | Found a sparkling altar of Nemelex Xobeh.
  8803 | D:11     | Found a staircase to the Orcish Mines.
  8809 | D:11     | Reached ***** piety under Trog
  8851 | D:11     | Noticed a gargoyle
  8856 | D:11     | Noticed a gargoyle
  8859 | D:11     | Reached XP level 11. HP: 24/97 MP: 10/10
  8862 | D:11     | HP: 3/145 [gargoyle/+0 mace (11)]
  8863 | D:11     | Noticed a white ugly thing
  8864 | D:11     | Killed from afar by a gargoyle

Illustrated notes

Levels and vault maps discovered:
D:1:      psy_arrival_dodecagon, layout_basic
D:2:      layout_basic, shapermc_ecumenical_altar_mp_highgroup,
          minmay_misc_feat_room, minivault_11, chequers_serial_rivers_large_b,
          corexii_corridor_pit, chequers_big_river
D:3:      layout_rooms, mainiacjoe_overflow_boulevard,
          nicolae_overflow_hidden_temple, chequers_serial_rivers_micro_b,
          uniq_sigmund
D:4:      cheibrodos_helix_gallery, layout_basic, portal_sewer_entry_f,
          st_stairs_6
D:5:      kennysheep_big_flooded_room, layout_basic, xom_teletrap_fun,
          tso_altar, minmay_temple_entry_large_hall
D:6:      layout_rooms, nicolae_overflow_crystal_walls,
          nicolae_sif_muna_condensation, serial_shops,
          nicolae_shop_behind_doors, nicolae_wooded_promenade,
          uniq_blork_the_orc
D:7:      layout_rooms, dk_yredelemnul_ordeal,
          mainiacjoe_overflow_small_starburst, gammafunk_ghost_nasty_kobolds
D:8:      layout_cave_pods, serial_shops, nicolae_shop_gaudy_bauble,
          kennysheep_generic_room_3
D:9:      layout_layer_cave
D:10:     layout_basic, mainiacjoe_overflow_alcove_1, lemuel_doored_altar,
          kennysheep_mini, minmay_splitting_lines, kennysheep_dice
D:11:     minmay_the_grid_triangle_9x9_recursive_2_mashed
          [minmay_the_grid_triangle_9x9_prize_schism,
          minmay_the_grid_triangle_9x9_impossible_snake,
          minmay_the_grid_triangle_9x9_dagger,
          minmay_the_grid_triangle_9x9_pentomino_pain], layout_cave_pools,
          lair_entry_dummy

Skill      XL: |  1  2  3  4  5  6  7  8  9 10 |
---------------+-------------------------------+-----
Fighting       | 4 5 6 7 8 9 |  9.1
Axes           | 4 6 7 8 10 12 14 | 14.6
Armour         | 3 5 6 7 9 10 | 10.6
Dodging        | 3 4 5 |  5.1
Stealth        | 1 |  1.6

Action                     |  1- 3 |  4- 6 |  7- 9 | 10-12 || total
---------------------------+-------+-------+-------+-------++-------
  Melee: Hand axe          |    87 |    78 |   150 |       ||   315
         Headbutt          |    12 |    14 |    43 |    16 ||    85
         Punch             |     2 |       |     2 |       ||     4
         Executioner's axe |       |       |    78 |   108 ||   186
 Invoke: Berserk           |     1 |     1 |     6 |     3 ||    11
    Use: Scroll            |       |       |    16 |     9 ||    25
   Stab: Distracted        |       |       |     1 |       ||     1
 Armour: Scale mail        |     4 |       |       |       ||     4
         Chain mail        |    11 |    27 |   107 |    67 ||   212
  Dodge: Dodged            |    57 |    46 |   237 |    97 ||   437
